 Dungeon Crawl Stone Soup version 0.31.0-32-g396128a36d (webtiles) character file.

Game seed: 9146230216260626361

561 QarolusVenn the Chiller (level 7, 0/47 HPs)
             Began as an Octopode Ice Elementalist on Mar 8, 2024.
             Slain by Grinder (8 damage)
             ... on level 4 of the Dungeon.
             The game lasted 00:08:54 (3126 turns).

QarolusVenn the Chiller (Octopode Ice Elementalist) Turns: 3126, Time: 00:08:54

Health: 0/47       AC:  1    Str:  7    XL:     7   Next: 31%
Magic:  5/11       EV: 13    Int: 19    God:
Gold:   438        SH:  0    Dex: 13    Spells: 2/12 levels left

rFire   . . .        c - +1 dagger (venom)
rCold   . . .        (no shield)
rNeg    . . .        (helmet restricted)
rPois   .            (no amulet)
rElec   .            (no ring)
rCorr   .            (no ring)
SInv    .            (no ring)
Will    .....        (no ring)
Stlth   +++          (no ring)
HPRegen 0.27/turn    (no ring)
MPRegen 0.12/turn    (no ring)
                     (no ring)

%: no passive effects
@: on berserk cooldown, freezing walls, slowed, very slow
A: almost no armour, amphibious, 8 rings, camouflage 1, gelatinous body 1,
(nimble swimmer 1), tentacles
a: no special abilities


You were on level 4 of the Dungeon.
You visited 1 branch of the dungeon, and saw 4 of its levels.
You also visited: Sewer.

You collected 438 gold pieces.


Innate Abilities, Weirdness & Mutations

You cannot wear most types of armour.
You are amphibious.
You can wear up to eight rings at the same time.
Your skin changes colour to match your surroundings (Stealth+).
Your rubbery body absorbs attacks. (AC +1, EV +1)
((You are camouflaged when in or above water. (Stealth+)))
You have tentacles for arms and can constrict up to eight enemies at once.


   Skills:
 + Level 3.9 Fighting
 - Level 2.0 Dodging
 - Level 2.6 Stealth
 - Level 3.0 Spellcasting
 + Level 1.0 Summonings
 - Level 7.0 Ice Magic


You had 2 spell levels left.
You knew the following spells:

 Your Spells              Type           Power      Damage    Failure   Level
b - Summon Ice Beast      Ice/Summ       18%        N/A       9%          3
f - Freeze                Ice            100%       1d10      1%          1
o - Ozocubu's Armour      Ice            29%        N/A       2%          3
r - Frozen Ramparts       Ice            58%        1d9       2%          3

Your spell library contained the following spells:

 Spells                   Type           Power      Damage    Failure   Level
 Shock                    Conj/Air       8%         1d3       16%         1
 Blink                    Tloc           4%         N/A       22%         2
 Lesser Beckoning         Tloc           4%         N/A       22%         2
 Momentum Strike          Conj/Tloc      4%         3d8       22%         2
 Swiftness                Air            2%         N/A       41%         3
 Airstrike                Air            1%         2d(1-17)  83%         4

Inventory:

Hand Weapons
 c - a +1 dagger of venom (weapon)
 f - a +3 dagger
Magical Staves
 n - a staff of conjuration {!a}
Talismans
 p - a serpent talisman
Wands
 o - a wand of paralysis (13)
Scrolls
 b - a scroll of acquirement {unknown}
 d - a scroll of blinking {unknown}
 e - 2 scrolls of identify {unknown}
 g - 2 scrolls of enchant weapon {unknown}
 i - a scroll of amnesia {unknown}
 j - 2 scrolls of teleportation {unknown}
 m - a scroll of vulnerability {unknown}
 s - a scroll of enchant armour {unknown}
 u - a scroll of poison {unknown}
 w - a scroll of silence {unknown}
Potions
 a - a potion of magic
 h - 5 potions of curing {unknown}
 k - a potion of ambrosia {unknown}
 l - 2 potions of enlightenment {unknown}
 r - a potion of attraction {unknown}
 t - a potion of heal wounds {unknown}
 v - a potion of haste {unknown}

Dungeon Overview and Level Annotations

Branches:
Dungeon (4/15)              Sewer (visited)
 Temple: D:4-7

Altars:

Shops:
D:1 *   D:2 :

Annotations:
D:4 Duvessa, Grinder

.#...♣♣ ♣.#
......♣♣♣♣♣♣.#####
....##.......#...###
....####..#........#
....# #.##.......##
....# #..#.......#
........).......###
...............Y###
.....5.........5@.#
.......###........#
#.#.... ......#...#
#.... .....##...#
.... ....###....
...# ....## ...
##..# ####


You could see Grinder (very poisoned, ally target) and a friendly ice beast
(summoned).


Message History

Grinder is lightly wounded.
Grinder resists.
The wall freezes Grinder.
Grinder gestures at you. You resist with significant effort.
You hit Grinder but do no damage. Your grab misses Grinder.
Grinder is lightly wounded.
Grinder resists.
The wall freezes Grinder.
Grinder hits you.
* * * LOW HITPOINT WARNING * * *
You writhe in agony.
* * * LOW HITPOINT WARNING * * *
Your ice beast closely misses Grinder.
Grinder resists.
The wall freezes Grinder.
Grinder says, "Wait up."
Grinder gestures at you. Pain shoots through your body!
* * * LOW HITPOINT WARNING * * *
Your ice beast barely misses Grinder.
You completely miss Grinder. Your grab misses Grinder.
Your squeeze misses Grinder.
Grinder is moderately wounded.
Grinder resists.
The wall freezes Grinder.
Grinder says, "You look like you could use a good racking."
Grinder misses you.
Your ice beast hits Grinder.
Your ice beast freezes Grinder.
Grinder resists.
You hit Grinder. Your grab misses Grinder. You squeeze Grinder.
Grinder is heavily wounded.
The wall freezes Grinder but does no damage.
Grinder hits you!
You die...
Grinder says, "Hey, I wasn't done torturing you yet!"

Skill      XL: |  1  2  3  4  5  6  7 |
---------------+----------------------+-----
Fighting       | 1 2 3 |  3.9
Ice Magic      | 6 7 |  7.0
Spellcasting   | 3 |  3.0
Summonings     | 1 |  1.0
Dodging        | |  2.0
Stealth        | |  2.6

Action                     |  1- 3 |  4- 6 |  7- 9 || total
---------------------------+-------+-------+-------++-------
  Melee: Unarmed           |     7 |       |       ||     7
         Dagger            |    86 |    69 |    14 ||   169
         Constrict         |    32 |    17 |     3 ||    52
         Tentacles         |    17 |    16 |     4 ||    37
         Punch             |     1 |       |       ||     1
   Cast: Freeze            |     1 |     5 |       ||     6
         Ozocubu's Armour  |       |     3 |       ||     3
         Frozen Ramparts   |       |     3 |     2 ||     5
         Summon Ice Beast  |       |       |     2 ||     2
    Use: Potion            |       |       |     1 ||     1
   Stab: Sleeping          |     5 |     6 |       ||    11
 Armour: Skin              |    37 |    43 |     5 ||    85
  Dodge: Dodged            |    53 |    49 |    11 ||   113

Levels and vault maps discovered:
D:1:      giann_forest_graveyard, layout_loops_ring, serial_shops, shop_coins,
          dreamdust_ecumenical_altar_grove
D:2:      layout_basic, serial_shops, shop, serial_bayou_lake_a
D:3:      layout_rooms, portal_sewer_entry_b, minmay_surrounded
D:4:      layout_cave_pools, minitemple, nicolae_yredelemnul_corpse_copse,
          nrook_campfire, roderic_lattice_a, serial_library_hellmonk_room_b,
          uniq_menkaure, uniq_pargi, uniq_grinder, uniq_duvessa

Notes
Turn   | Place    | Note
-------+----------+-------------------------------------------
     0 | D:1      | QarolusVenn the Octopode Ice Elementalist began the quest
                  | for the Orb.
     0 | D:1      | Reached XP level 1. HP: 11/11 MP: 3/3
    75 | D:1      | Found a faded altar of an unknown god.
    90 | D:1      | Reached skill level 1 in Fighting
   195 | D:1      | Reached XP level 2. HP: 18/18 MP: 5/5
   252 | D:1      | Reached skill level 2 in Fighting
   329 | D:1      | Found Many's Assorted Antiques.
   405 | D:1      | Reached XP level 3. HP: 24/24 MP: 6/6
   903 | D:2      | Found Corifros's Book Boutique.
  1053 | D:2      | Learned a level 3 spell: Ozocubu's Armour
  1884 | D:3      | Reached XP level 4. HP: 26/29 MP: 7/7
  1886 | D:3      | Reached skill level 5 in Ice Magic
  1902 | D:3      | Noticed a centaur
  1995 | D:3      | Found a glowing drain.
  2003 | Sewer    | Entered a sewer
  2023 | Sewer    | Noticed a brain worm
  2038 | Sewer    | Killed a brain worm
  2039 | Sewer    | Reached skill level 6 in Ice Magic
  2039 | Sewer    | Reached XP level 5. HP: 18/34 MP: 2/8
  2107 | Sewer    | Learned a level 3 spell: Frozen Ramparts
  2111 | Sewer    | Noticed Pargi
  2120 | Sewer    | Killed Pargi
  2121 | Sewer    | Reached XP level 6. HP: 39/39 MP: 2/9
  2246 | D:3      | Reached skill level 7 in Ice Magic
  2729 | D:4      | Noticed Dowan
  2865 | D:4      | Killed Dowan
  2866 | D:4      | Reached skill level 3 in Fighting
  2932 | D:4      | Reached skill level 3 in Spellcasting
  2932 | D:4      | Reached XP level 7. HP: 11/46 MP: 1/11
  2936 | D:4      | Learned a level 3 spell: Summon Ice Beast
  3008 | D:4      | Noticed Duvessa
  3077 | D:4      | Noticed Grinder
  3083 | D:4      | Paralysed by Grinder for 4 turns
  3099 | D:4      | Paralysed by Grinder for 4 turns
  3100 | D:4      | Reached skill level 1 in Summonings
  3116 | D:4      | Paralysed by Grinder for 5 turns
  3126 | D:4      | Slain by Grinder

Vanquished Creatures
  Pargi (Sewer)
  An ogre (D:4)
  A centaur (D:3)
  A brain worm (Sewer)
  Dowan (D:4)
  A jelly (D:4)
  A hound (D:4)
  A sleepcap (D:4)
  An adder (D:3)
  A river rat (D:3)
  2 ribbon worms (D:3)
  3 dart slugs
  3 orcs
  10 ball pythons
  8 bats
  3 endoplasms
  4 giant cockroaches
  5 hobgoblins
  9 jackals (D:1)
  5 kobolds
  3 quokkas (D:1)
  3 frilled lizards
  8 goblins
  3 rats
79 creatures vanquished.

Table legend: (Time is in decaauts)
 A = Elapsed time spent in this place.
 B = Non-inter-level travel time spent in this place.
 C = Inter-level travel time spent in this place.
 D = Time resting spent in this place.
 E = Time spent auto-exploring this place.
 F = Levels seen in this place.
 G = Mean time per level.
                   A        B        C        D        E       F      G
               +--------+--------+--------+--------+--------+-----+--------+
         Total |   3129 |   2928 |    201 |    257 |   1948 |   5 |  625.8 |
       Dungeon |   2909 |   2708 |    201 |    190 |   1850 |   4 |  727.2 |
         Sewer |    219 |    219 |      0 |     67 |     98 |   1 |  219.0 |
               +--------+--------+--------+--------+--------+-----+--------+

Top non-repeatable levels by time:
     D:2: 1040 daAuts
     D:1: 873 daAuts
     D:3: 592 daAuts
     D:4: 402 daAuts
   Sewer: 219 daAuts

Table legend:
 A = Non-vault XP
 B = Vault XP
 C = Vault XP percentage of total XP
 D = Non-vault monster count
 E = Vault monster count
 F = Vault count percentage of total count
                 A         B        C        D         E       F
            +---------+---------+-------+---------+---------+-------
      Total |     474 |     328 |  40.9 |      62 |      17 |  21.5
            +---------+---------+-------+---------+---------+-------
        D:1 |      64 |       0 |   0.0 |      32 |       0 |   0.0
        D:2 |      15 |       0 |   0.0 |      10 |       0 |   0.0
        D:3 |     151 |      32 |  17.5 |      14 |       9 |  39.1
        D:4 |     244 |      69 |  22.0 |       6 |       1 |  14.3
      Sewer |       0 |     227 | 100.0 |       0 |       7 | 100.0
            +---------+---------+-------+---------+---------+-------
